 Dungeon Crawl Stone Soup version 0.30-a0-218-gedb9141078 (webtiles) character file.

Game seed: 18343557394241837055

574 Morbidden the Digger (level 7, -5/63 HPs)
             Began as a Troll Earth Elementalist on Oct 5, 2022.
             Slain by an ice beast (9 damage)
             ... on level 4 of the Dungeon.
             The game lasted 00:06:40 (3123 turns).

Morbidden the Digger (Troll Earth Elementalist)     Turns: 3123, Time: 00:06:41

Health: -5/63      AC:  4    Str: 17    XL:     7   Next: 12%
Magic:  5/9        EV: 10    Int: 13    God:
Gold:   165        SH:  0    Dex: 10    Spells: 7/11 levels left

rFire   . . .      SeeInvis .      - Unarmed
rCold   . . .      Faith    .    (no shield)
rNeg    . . .      Spirit   .    a - +0 robe
rPois   .          Reflect  .    (helmet restricted)
rElec   .          Harm     .    (no cloak)
rCorr   .          Rampage  .    (gloves unavailable)
Will    .....                    (boots unavailable)
Stlth   +.........               (no amulet)
HPRegen 1.10/turn                (no ring)
MPRegen 0.11/turn                (no ring)

@: no status effects
A: large, unfitting armour, claws 3, regeneration 1, shaggy fur 1, tough skin 1
a: no special abilities


You were on level 4 of the Dungeon.
You visited 1 branch of the dungeon, and saw 4 of its levels.
You also visited: Sewer.

You collected 165 gold pieces.

Inventory:

Missiles
 k - 3 javelins
 u - 19 poisoned darts (quivered)
Armour
 a - a +0 robe (worn)
Wands
 m - a wand of flame (42)
Scrolls
 c - a scroll of blinking {unknown}
 d - 7 scrolls of identify {unknown}
 h - 2 scrolls of enchant armour {unknown}
 q - a scroll of poison {unknown}
 r - 2 scrolls of teleportation {unknown}
Potions
 b - a potion of magic
 e - a potion of invisibility {unknown}
 f - a potion of lignification {unknown}
 g - a potion of might
 i - 2 potions of degeneration {unknown}
 j - 3 potions of curing
 l - a potion of attraction {unknown}
 n - a potion of heal wounds
 o - a potion of resistance {unknown}
 p - a potion of cancellation {unknown}
 s - 2 potions of brilliance {unknown}
 t - 2 potions of haste {unknown}
 v - 2 potions of flight
 w - a potion of mutation {unknown}


   Skills:
 * Level 1.7 Fighting
 * Level 2.7 Dodging
 + Level 1.1 Stealth
 * Level 3.1 Unarmed Combat
 * Level 2.5 Spellcasting
 * Level 1.7 Transmutations
 * Level 4.1 Earth Magic


You had 7 spell levels left.
You knew the following spells:

 Your Spells              Type           Power      Damage    Failure   Level
a - Sandblast             Erth           24%        2d8       4%          1
b - Stone Arrow           Conj/Erth      14%        3d7       30%         3

Your spell library contained the following spells:

 Spells                   Type           Power      Damage    Failure   Level
 Passwall                 Tmut/Erth      7%         N/A       11%         2
 Petrify                  Tmut/Erth      9%         N/A       58%         4


Dungeon Overview and Level Annotations

Branches:
Dungeon (4/15)              Sewer (visited)
 Temple: D:4-7

Altars:
Trog

Shops:
D:3 *

Annotations:
D:3 1 runed translucent door, Crazy Yiuf


Innate Abilities, Weirdness & Mutations

You are too large for most types of armour.
You have claws for hands.
Your natural rate of healing is unusually fast.
You are covered in fur. (AC +1)
You have tough skin. (AC +1)


Message History

Unknown command.
You closely miss the ice beast.
The ice beast is heavily wounded.
You scratch the ice beast but do no damage.
The ice beast is heavily wounded.
The ice beast hits you. The ice beast freezes you!
Unknown command.
You are too injured to fight recklessly!
Unknown command.
Unknown command.
You are too injured to fight recklessly!
Casting: Sandblast (safe; 4% risk of failure)
Confirm with . or Enter, or press ? or * to list all spells.
Aiming: Sandblast (safe; 4% risk of failure)
Press: ? - help, Shift-Dir - straight line, f/p - ice beast
Aim: an ice beast (heavily wounded, 82% to hit)
The blast of sand misses the ice beast.
The ice beast completely misses you. The ice beast hits you.
The ice beast freezes you!
* * * LOW HITPOINT WARNING * * *
Unknown command.
Unknown command.
You barely miss the ice beast.
The ice beast is heavily wounded.
The ice beast closely misses you.
Unknown command.
Unknown command.
You barely miss the ice beast.
The ice beast is heavily wounded.
The ice beast hits you.
* * * LOW HITPOINT WARNING * * *
The ice beast freezes you!
* * * LOW HITPOINT WARNING * * *
Unknown command.
Unknown command.
You claw the ice beast!
The ice beast is almost dead.
The ice beast hits you.
* * * LOW HITPOINT WARNING * * *
The ice beast freezes you!
You die...

##* ### #.** #.### ###..*
##...## #....#* #### #.....#
*#....###..#####.....# ****
##.##........##....##
**,,***#......##........#..#
*,,,,,*#..Y@.?.............#
*,,*#............#..#####..#
*,,*###.#..##...###.[##.....
***,,***#........##
#.........
**,,,,,*#....###!..#
##.##..... *,,,,,,*#...#*
###.#* #........
**,,,,,....#* #..###.......#
***,,,...#** *#...##.......
**,,,,,,,,,,***
###...#......#


You could see an ice beast.

Vanquished Creatures
  Sigmund (D:2)
  A kobold brigand (Sewer)
  A centaur (D:4)
  A scorpion (D:4)
  A jelly (D:4)
  Jessica (D:2)
  Robin (D:3)
  2 adders
  2 river rats (Sewer)
  4 dart slugs
  2 worms
  4 orcs (D:4)
  6 bats
  5 endoplasms
  6 giant cockroaches
  16 goblins
  8 hobgoblins
  A jackal (Sewer)
  11 kobolds
  3 quokkas (D:4)
  5 ball pythons
  4 frilled lizards
  5 rats
91 creatures vanquished.

Notes
Turn   | Place    | Note
-------+----------+-------------------------------------------
     0 | D:1      | Morbidden the Troll Earth Elementalist began the quest for
                  | the Orb.
     0 | D:1      | Reached XP level 1. HP: 16/16 MP: 1/1
    67 | D:1      | Reached XP level 2. HP: 24/24 MP: 3/3
   315 | D:1      | Reached skill level 3 in Earth Magic
   568 | D:2      | Reached skill level 1 in Transmutations
   589 | D:2      | Reached XP level 3. HP: 29/32 MP: 4/4
   622 | D:2      | Reached skill level 1 in Unarmed Combat
   891 | D:2      | Noticed Jessica
   901 | D:2      | Killed Jessica
  1229 | D:2      | Noticed Sigmund
  1264 | D:3      | Reached XP level 4. HP: 40/40 MP: 2/5
  1395 | D:3      | Found a runed translucent door.
  1396 | D:3      | Noticed Crazy Yiuf
  1438 | D:3      | Found Ejilil's Assorted Antiques.
  1625 | D:3      | Noticed Robin
  1671 | D:2      | Killed Sigmund
  1672 | D:2      | Reached skill level 1 in Fighting
  1672 | D:2      | Reached XP level 5. HP: 34/48 MP: 2/7
  2088 | D:3      | Found a faded altar of an unknown god.
  2112 | D:3      | Killed Robin
  2113 | D:3      | Reached XP level 6. HP: 39/55 MP: 8/8
  2372 | D:4      | Found a bloodstained altar of Trog.
  2400 | D:4      | Found a glowing drain.
  2402 | D:4      | HP: 2/55 [centaur (2)]
  2439 | Sewer    | Entered a sewer
  2504 | Sewer    | Reached skill level 4 in Earth Magic
  2574 | Sewer    | Found a white marble altar of Elyvilon.
  2620 | D:4      | Learned a level 3 spell: Stone Arrow
  2825 | D:4      | Reached XP level 7. HP: 41/63 MP: 3/9
  3123 | D:4      | Slain by an ice beast

Illustrated notes

Levels and vault maps discovered:
D:1:      psy_arrival_terrarium, layout_basic, minmay_tromino_i4
D:2:      layout_basic, uniq_sigmund, uniq_jessica
D:3:      layout_rooms, basic_ecumenical_altar, serial_shops,
          nicolae_shop_behind_doors, uniq_crazy_yiuf_cottage, uniq_robin
D:4:      layout_cave_pools, mainiacjoe_overflow_24_doors, gup_sewer_entry_glass

Skill      XL: |  1  2  3  4  5  6 |
---------------+-------------------+-----
Earth Magic    | 3 4 |  4.1
Transmutations | 1 |  1.7
Unarmed Combat | 1 2 3 |  3.1
Fighting       | 1 |  1.7
Dodging        | 2 |  2.7
Spellcasting   | 2 |  2.5
Stealth        | |  1.1

Action                   |  1- 3 |  4- 6 |  7- 9 || total
-------------------------+-------+-------+-------++-------
Melee: Unarmed           |    61 |   125 |    16 ||   202
       Punch             |     2 |     3 |       ||     5
 Cast: Sandblast         |    19 |    32 |    15 ||    66
  Use: Potion            |       |     5 |       ||     5
       Scroll            |       |     1 |       ||     1
 Stab: Sleeping          |     2 |       |       ||     2
       Distracted        |     1 |       |       ||     1
Armor: Robe              |    28 |    40 |     4 ||    72
Dodge: Dodged            |    29 |    85 |    15 ||   129

Table legend: (Time is in decaauts)
 A = Elapsed time spent in this place.
 B = Non-inter-level travel time spent in this place.
 C = Inter-level travel time spent in this place.
 D = Time resting spent in this place.
 E = Time spent auto-exploring this place.
 F = Levels seen in this place.
 G = Mean time per level.
                   A        B        C        D        E       F      G
               +--------+--------+--------+--------+--------+-----+--------+
         Total |   3176 |   3093 |     83 |     24 |   2339 |   5 |  635.2 |
       Dungeon |   2977 |   2894 |     83 |     24 |   2271 |   4 |  744.2 |
         Sewer |    198 |    198 |      0 |      0 |     68 |   1 |  198.0 |
               +--------+--------+--------+--------+--------+-----+--------+

Top non-repeatable levels by time:
     D:2: 1123 daAuts
     D:3: 705 daAuts
     D:4: 613 daAuts
     D:1: 534 daAuts
   Sewer: 198 daAuts
